cohdb
Replays
Latest Replays
All Replays
Popular Replays
Top Player Replays
Match Explorer
How It Works
Community
CoH3 Stats
Reddit
Sign in to upload your games and track your stats! →
Sign in with Steam
Match 42956378
Unlisted
Match 42956378
Overview
Messages
Build Orders
End
Engineer Squad
Construct Barracks
Selects Special Operations Battlegroup
Riflemen Squad
M1 Mortar Team
Construct Weapon Support Center
Riflemen Squad
M1919 Machine Gun Team
Construct Medical Station
Infantry Support Center
M1918 Browning Automatic Rifles
Selects Smoke Screen
Selects SSF Commando Squad
M1 Mortar Team
Bazooka Squad
Smoke Screen
Construct Motor Pool
Grenade Package
M8 Greyhound Armored Car
Riflemen Squad
Selects M29 Weasel with M1 Pack Howitzer
Engineer Squad
M24 Chaffee Light Tank
Selects P-47 Anti-Infantry Loiter
Smoke Screen
M24 Chaffee Light Tank
M1919 Machine Gun Team
SSF Commando Squad
P-47 Anti-Infantry Loiter
Smoke Screen
Selects Assault Operation
M24 Chaffee Light Tank
SSF Commando Squad
Selects UNKNOWN (2162291)
Smoke Screen
FAHDAWIE
althhaby349
Guderian ITA
Fajolada
0
0
Comments
sign in to comment!
No comments posted yet!